 Dungeon Crawl Stone Soup version 0.29-a0-845-g6161e89988 (webtiles) character file.

Game seed: 3101683173184621080

42649 buhh the Basher (level 14, 62/111 HPs)
             Began as a Meteoran Artificer on July 15, 2022.
             Was an Elder of Sif Muna.
             Quit the game on level 2 of the Orcish Mines.
             The game lasted 00:45:16 (8340 turns).

buhh the Basher (Meteoran Artificer)                Turns: 8340, Time: 00:45:17

Health: 62/111     AC: 30    Str: 14    XL:     14   Next: 98%
Magic:  25/30      EV: 16    Int: 18    God:    Sif Muna [****..]
Gold:   1385       SH:  8    Dex: 15    Spells: 13/19 levels left

rFire   + . .      SeeInvis +   O - +2 flail (flame)
rCold   x x .      Faith    .   Y - +1 buckler of Grim Life {Contam +Blink rF++ MP+9}
rNeg    + . .      Spirit   .   i - +0 swamp dragon scales
rPois   +          Reflect  .   T - +0 helmet "Tatamm" {rF+ rN+ Will+}
rElec   .          Harm     .   V - +0 cloak
rCorr   .          Rampage  .   s - +2 pair of gloves
Will    ++...                   L - +1 pair of boots
Stlth   +.........              D - amulet of Elemental Vulnerability {rPois rF-- rC-- AC+8}
HPRegen 0.28/turn               y - +4 ring of protection
MPRegen 0.22/turn               p - ring of see invisible

@: glowing
A: sense surroundings 2, otherworldly, glowing, explore regen, frail 1,
screaming 1
a: Renounce Religion, Evoke Blink, Channel Magic, Forget Spell, Divine Exegesis


You were on level 2 of the Orcish Mines.
You worshipped Sif Muna.
Sif Muna was greatly pleased with you.
You visited 4 branches of the dungeon, and saw 21 of its levels.

You collected 1450 gold pieces.
You spent 65 gold pieces at shops.

Inventory:

Hand Weapons
 O - a +2 flail of flaming (weapon)
 S - the +5 rapier "Luinu Geova" {pain, rCorr Str+3}
   (You found it on level 1 of the Lair of Beasts)

   In the hands of one skilled in necromantic magic, it inflicts extra damage on
   living creatures.
   Str:       It affects your strength (+3).
   rCorr:     It protects you from acid and corrosion.
Missiles
 u - 12 boomerangs
 R - 3 silver javelins
 U - 14 poisoned darts
Armour
 i - +0 swamp dragon scales (worn)
 s - a +2 pair of gloves (worn)
 x - a +0 troll leather armour
 K - +0 acid dragon scales
 L - a +1 pair of boots (worn)
 T - the +0 helmet "Tatamm" (worn) {rF+ rN+ Will+}
   (You found it on level 1 of the Lair of Beasts)

   rF:        It protects you from fire.
   rN:        It protects you from negative energy.
   Will:      It increases your willpower.
 V - a +0 cloak (worn)
 Y - the +1 buckler of Grim Life (worn) {Contam +Blink rF++ MP+9}
   (You acquired it on level 2 of the Dungeon)

   rF:        It greatly protects you from fire.
   MP:        It affects your magic capacity (+9).
   +Blink:    It lets you blink.
   Contam:    It causes magical contamination when unequipped.
Jewellery
 h - a +4 ring of protection
 m - an amulet of the acrobat
 p - a ring of see invisible (right hand)
 y - a +4 ring of protection (left hand)
 D - the amulet of Elemental Vulnerability (around neck) {rPois rF-- rC-- AC+8}
   (You found it on level 3 of the Dungeon)

   [amulet of nothing]

   AC:        It affects your AC (+8).
   rF:        It makes you very vulnerable to fire.
   rC:        It makes you very vulnerable to cold.
   rPois:     It protects you from poison.
 I - a ring of wizardry
 N - a +6 ring of dexterity
Wands
 w - a wand of polymorph (4)
 E - a wand of flame (19)
 F - a wand of charming (15)
 W - a wand of mindburst (4)
Scrolls
 a - 2 scrolls of identify {!d}
 b - a scroll of blinking {!d}
 c - 8 scrolls of teleportation {!d!d}
 d - 4 scrolls of magic mapping {!d}
 f - 2 scrolls of fog
 g - 2 scrolls of amnesia
 j - a scroll of enchant weapon
 k - 2 scrolls of torment
 l - a scroll of immolation {!r}
 C - 2 scrolls of silence {!r}
 H - 3 scrolls of vulnerability
 M - 2 scrolls of fear {unknown}
 X - a scroll of noise {unknown}
Potions
 o - a potion of haste {unknown}
 q - a potion of resistance {unknown}
 r - 5 potions of might {unknown}
 t - 2 potions of mutation {unknown}
 v - 8 potions of curing {!d}
 z - 5 potions of flight {unknown}
 A - a potion of ambrosia {unknown}
 G - 2 potions of brilliance {unknown}
 J - 2 potions of attraction {unknown}
 P - 6 potions of lignification {unknown}
 Z - a potion of magic {unknown}
Miscellaneous
 n - a phantom mirror
 B - a box of beasts
 Q - a condenser vane (inert)


   Skills:
 * Level 11.6 Fighting
 * Level 13.6 Maces & Flails
 - Level 10.0 Armour
 - Level 11.5 Dodging
 - Level 0.6 Stealth
 - Level 11.3 Shields
 - Level 3.0 Spellcasting
 * Level 5.4 Hexes
 - Level 6.0 Ice Magic
 * Level 9.0 Invocations
 - Level 7.4 Evocations


You had 13 spell levels left.
You knew the following spells:

 Your Spells              Type           Power      Damage    Failure   Level
a - Ozocubu's Armour      Ice            24%        N/A       9%          3
b - Frozen Ramparts       Ice            48%        1d6       9%          3

Your spell library contained the following spells:

 Spells                   Type           Power      Damage    Failure   Level
 Beastly Appendage        Tmut           4%         N/A       34%         1
 Magic Dart               Conj           8%         1d3       34%         1
 Dazzling Flash           Conj/Hex       24%        N/A       34%         3
 Cause Fear               Hex            11%        N/A       36%         4
 Call Imp                 Summ           2%         N/A       45%         2
 Poisonous Vapours        Pois/Air       4%         N/A       45%         2
 Searing Ray              Conj           4%         2d4       45%         2
 Static Discharge         Conj/Air       2%         3-4/arc   45%         2
 Wereblood                Tmut           2%         N/A       45%         2
 Metabolic Englaciation   Hex/Ice        11%        N/A       67%         5
 Ice Form                 Ice/Tmut       13%        N/A       69%         4
 Summon Ice Beast         Ice/Summ       13%        N/A       69%         4
 Lesser Beckoning         Tloc           2%         N/A       71%         3
 Mephitic Cloud           Conj/Pois/Air  2%         N/A       71%         3
 Spider Form              Tmut/Pois      2%         N/A       71%         3
 Stone Arrow              Conj/Erth      4%         3d7       71%         3
 Swiftness                Air            2%         N/A       71%         3
 Anguish                  Hex/Necr       6%         N/A       75%         4
 Fulminant Prism          Conj/Hex       6%         3d7       75%         4
 Silence                  Hex/Air        6%         N/A       97%         5
 Animate Armour           Summ/Erth      4%         N/A       98%         4
 Iskenderun's Mystic Bla  Conj/Tloc      2%         2d3       98%         4
 Summon Forest            Summ/Tloc      1%         N/A       100%        5
 Simulacrum               Ice/Necr       6%         N/A       100%        6
 Starburst                Conj/Fire      1%         6d3       100%        6
 Enfeeble                 Hex            11%        N/A       100%        7
 Ozocubu's Refrigeration  Ice            12%        4d7       100%        7
 Discord                  Hex            11%        N/A       100%        8
 Lehudib's Crystal Spear  Conj/Erth      1%         10d2      100%        8


Dungeon Overview and Level Annotations

Branches:
Dungeon (12/15) Zot: 1769  Temple (1/1) D:4 Zot: 584    Lair (6/6) D:10 Zot: 1093
 Shoals (0/4) Lair:4       Spider (0/4) Lair:3        Slime (0/5) Lair:6
    Orc (2/2) D:12 Zot: 785
    Elf: Orc:2

Altars:
Elyvilon
Gozag
Kikubaaqudgha
Nemelex Xobeh
Ru
Sif Muna
Trog
Uskayaw
Vehumet
Wu Jian
Xom
The Shining One
Jiyva

Shops:
D:2 !   D:10 :   D:11 =   D:12 [

Portals:
Abyss: Orc:1

Annotations:
Orc:1 2 transporters, Wuduapar's ghost, journeyman MiFi


Innate Abilities, Weirdness & Mutations

You passively map the area around you.
You are easily found by Zot.
You glow in the dark.
You regain HP and MP as you explore.
You are frail. (-10% HP)
You occasionally shout uncontrollably at your foes.


Message History

The orc knight hits the orc warrior with a +2 great sword!
The orc warrior dies!
Your Invocations skill increases to level 9!
The orc knight misses you.
The orc knight roars a battlecry!
The orcs go into a battle-frenzy!
Things that are here:
a +3 war axe; a +0 plate armour; an orc corpse You hit the orc knight.
You burn the orc knight.
The orc knight is lightly wounded.
The orc knight hits you but does no damage.
You hit the orc knight. You burn the orc knight.
The orc knight is lightly wounded.
You sock the orc knight! You burn the orc knight.
The orc knight is moderately wounded.
The orc knight hits you with a +0 long sword!!
You hit the orc knight but do no damage.
The orc knight is moderately wounded.
The orc knight barely misses you.
You hit the orc knight. You burn the orc knight.
The orc knight is moderately wounded.
The orc knight hits you with a +0 long sword!
You sock the orc knight! You burn the orc knight.
The orc knight is heavily wounded.
You hit the orc knight. You burn the orc knight.
The orc knight is severely wounded.
The orc knight barely misses you.
Aiming: Charm
Press: ? - help, Shift-Dir - straight line, f - orc knight
Aim: an orc knight, wielding a +0 long sword and wearing a +0 chain mail (severely wounded, strong, chance to affect: 50%)
The orc knight resists with some effort.
The orc knight misses you. You block the orc's attack.
The orc knight hits you with a +2 great sword.
Aiming: Charm
Press: ? - help, Shift-Dir - straight line, f/p - orc knight
Aim: an orc knight, wielding a +0 long sword and wearing a +0 chain mail (severely wounded, strong, chance to affect: 50%)
The orc knight resists with some effort.
You block the orc knight's attack. You block the orc's attack.
The orc knight misses you.
Are you sure you want to abandon this character and quit the game? (Confirm with "yes".)

............... ,,
....................#..#.
, *
...34....................
,
...................$.....
,
......................$.
* , *
..........#...........$ ,
* ...........)........# *
* ...........)...o...## *
...............o@...# ,
...............o.....# *
............#####.....#
.........#### * .....##
.......###* , .##..#
......# , * .# *.##
,....#** , . ## ..# * *
.$ * ,* , , *


You could see 2 orc knights and an orc (strong).

Vanquished Creatures
  4 hydras
  10 death yaks
  An orc high priest (Orc:2)
  A necromancer (Lair:2)
  A cyclops (Orc:1)
  An ugly thing (D:12)
  8 elephants
  6 black mambas
  8 cane toads
  Maggie (D:9)
  A gargoyle (D:10)
  An unseen horror (D:12)
  2 rime drakes (Lair:5)
  13 komodo dragons
  A troll (D:10)
  3 polar bears
  4 blink frogs (Lair:6)
  A shadow (D:10)
  5 wyverns
  20 yaks
  A ynoxinul (Lair:6)
  A basilisk (Lair:4)
  A chaos spawn (Lair:6)
  A large abomination (Lair:6)
  4 wargs
  12 water moccasins
  An acid dragon (D:9)
  14 orc warriors
  A black bear (D:5)
  A sky beast (D:6)
  4 ice beasts
  5 ogres
  8 wolves (Lair:5)
  2 small abominations (Lair:6)
  6 centaurs
  2 kobold brigands
  11 bullfrogs
  7 scorpions
  A necrophage (D:5)
  5 wights (D:8)
  6 killer bees
  4 electric eels (D:10)
  4 hounds (D:5)
  11 orc priests
  14 jellies
  6 iguanas
  12 orc wizards
  A polar bear simulacrum (Lair:2)
  A yak simulacrum (Lair:2)
  6 adders
  An ufetubus (D:5)
  5 worms
  A dart slug (D:1)
  45 orcs
  2 endoplasms
  4 giant cockroaches
  8 goblins
  6 hobgoblins
  2 jackals (D:2)
  2 quokkas
  5 ball pythons
  5 bats
  2 frilled lizards
  9 kobolds
  4 rats
346 creatures vanquished.

Vanquished Creatures (collateral kills)
  4 death yaks (Lair:6)
  An orc knight (Orc:2)
  2 orc sorcerers (Orc:2)
  A cyclops (D:11)
  An elephant (Lair:3)
  A cane toad (Lair:6)
  2 yaks (D:10)
  2 wyverns
  A basilisk (D:10)
  2 water moccasins
  5 orc warriors (Orc:2)
  An ice beast (D:5)
  An ogre (D:5)
  Blork the orc (Orc:2)
  A necrophage (D:5)
  A scorpion (D:10)
  A jelly (D:6)
  3 orc priests (Orc:2)
  3 orc wizards
  An ufetubus (D:5)
  A dart slug (D:4)
  6 orcs
  A ball python (D:2)
  2 endoplasms (D:2)
  A bat (D:2)
  A rat (D:2)
47 creatures vanquished.

Vanquished Creatures (others)
  2 orc warriors (Orc:2)
  2 orc wizards (Orc:2)
  An adder (D:6)
  2 orcs (Orc:2)
  16 fungi
  31 plants
54 creatures vanquished.

Grand Total: 447 creatures vanquished

Notes
Turn   | Place    | Note
-------+----------+-------------------------------------------
     0 | D:1      | buhh the Meteoran Artificer began the quest for the Orb.
     0 | D:1      | Reached XP level 1. HP: 16/16 MP: 2/2
   104 | D:1      | Reached XP level 2. HP: 11/23 MP: 3/3
   276 | D:2      | Reached XP level 3. HP: 28/28 MP: 4/4
   379 | D:2      | Found Suiji's Distillery.
   394 | D:2      | Bought a potion of heal wounds for 65 gold pieces
   400 | D:2      | Identified a scroll of acquirement
   400 | D:2      | Acquired the +1 buckler of Grim Life {Contam +Blink rF++
                  | MP+9}
   773 | D:2      | Reached skill level 5 in Evocations
   812 | D:2      | Reached XP level 4. HP: 29/35 MP: 5/5
   968 | D:3      | Found the amulet of Elemental Vulnerability {rPois rF--
                  | rC-- AC+8}
  1032 | D:3      | Reached skill level 1 in Maces & Flails
  1032 | D:3      | Reached skill level 1 in Shields
  1118 | D:3      | Found a white marble altar of Elyvilon.
  1432 | D:4      | Reached XP level 5. HP: 41/41 MP: 6/6
  1436 | D:4      | Found a staircase to the Ecumenical Temple.
  1455 | Temple   | Entered the Ecumenical Temple
  1465 | Temple   | Became a worshipper of Sif Muna the Loreminder
  1565 | D:5      | Entered Level 5 of the Dungeon
  1575 | D:5      | Reached skill level 1 in Spellcasting
  1576 | D:5      | Noticed an ice beast
  1592 | D:5      | Noticed an ogre
  1598 | D:5      | Killed an ogre
  1599 | D:5      | Reached skill level 2 in Maces & Flails
  1599 | D:5      | Reached skill level 1 in Ice Magic
  1599 | D:5      | Reached XP level 6. HP: 18/48 MP: 9/9
  1607 | D:4      | Found a bloodstained altar of Trog.
  1659 | D:4      | Noticed a wyvern
  1683 | D:4      | Noticed an ogre
  1695 | D:4      | Killed an ogre
  1696 | D:4      | Reached XP level 7. HP: 31/56 MP: 10/10
  2040 | D:5      | Reached skill level 3 in Maces & Flails
  2040 | D:5      | Reached XP level 8. HP: 56/62 MP: 12/12
  2094 | D:5      | Found a shimmering altar of Xom.
  2166 | D:5      | Reached * piety under Sif Muna
  2171 | D:5      | Found a sparkling altar of Nemelex Xobeh.
  2374 | D:5      | Reached skill level 4 in Maces & Flails
  2449 | D:4      | Killed a wyvern
  2450 | D:4      | Gained mutation: You passively map the area around you.
                  | [Meteoran growth]
  2450 | D:4      | Reached XP level 9. HP: 38/71 MP: 14/14
  2457 | D:4      | Learned a level 3 spell: Ozocubu's Armour
  2677 | D:6      | Reached skill level 5 in Armour
  2894 | D:7      | Reached skill level 5 in Dodging
  3175 | D:7      | Reached skill level 5 in Maces & Flails
  3208 | D:7      | Reached ** piety under Sif Muna
  3324 | D:7      | Reached skill level 5 in Shields
  3532 | D:7      | Reached XP level 10. HP: 34/80 MP: 15/15
  3693 | D:8      | Reached skill level 5 in Fighting
  3789 | D:8      | Reached skill level 6 in Maces & Flails
  3826 | D:8      | Reached skill level 5 in Ice Magic
  4011 | D:8      | Reached *** piety under Sif Muna
  4076 | D:9      | Found a hide-covered altar of Uskayaw.
  4225 | D:10     | Entered Level 10 of the Dungeon
  4307 | D:9      | Noticed Maggie
  4453 | D:8      | Found a sacrificial altar of Ru.
  4579 | D:9      | Killed Maggie
  4617 | D:10     | Learned a level 3 spell: Frozen Ramparts
  4619 | D:10     | Noticed a gargoyle
  4629 | D:10     | Killed a gargoyle
  4630 | D:10     | Reached skill level 7 in Maces & Flails
  4676 | D:10     | Found Bujioqidgh's Book Shop.
  4765 | D:10     | Reached XP level 11. HP: 46/89 MP: 16/16
  4817 | D:11     | Found Nitit's Jewellery Emporium.
  4853 | D:11     | Noticed a cyclops
  4859 | D:11     | Killed a cyclops
  5066 | D:10     | Reached skill level 8 in Maces & Flails
  5085 | D:10     | Found a staircase to the Lair.
  5120 | Lair:1   | Entered Level 1 of the Lair of Beasts
  5173 | Lair:1   | Identified the +5 rapier "Luinu Geova" {pain, rCorr Str+3}
  5194 | Lair:1   | Noticed a five-headed hydra
  5204 | Lair:1   | Noticed a black mamba
  5215 | Lair:1   | Killed a five-headed hydra
  5218 | Lair:1   | Killed a black mamba
  5333 | Lair:1   | Identified the +0 helmet "Tatamm" {rF+ rN+ Will+}
  5535 | Lair:3   | Reached skill level 9 in Maces & Flails
  5542 | Lair:2   | Noticed a six-headed hydra
  5557 | Lair:2   | Killed a six-headed hydra
  5558 | Lair:2   | Reached XP level 12. HP: 88/100 MP: 17/17
  5615 | Lair:2   | Reached **** piety under Sif Muna
  5719 | Lair:2   | Noticed a necromancer
  5729 | Lair:2   | Killed a necromancer
  5838 | Lair:3   | Found a hole to the Spider Nest.
  5851 | Lair:3   | Noticed a death yak
  5851 | Lair:3   | Noticed a death yak
  5851 | Lair:3   | Noticed a death yak
  5854 | Lair:3   | Noticed a death yak
  5863 | Lair:3   | Killed a death yak
  5872 | Lair:3   | Killed a death yak
  5878 | Lair:3   | Killed a death yak
  5879 | Lair:3   | Reached skill level 10 in Maces & Flails
  5886 | Lair:3   | Killed a death yak
  6083 | Lair:3   | Reached skill level 10 in Armour
  6120 | Lair:3   | Reached XP level 13. HP: 87/110 MP: 18/18
  6213 | Lair:4   | Reached skill level 10 in Dodging
  6227 | Lair:4   | Reached skill level 1 in Invocations
  6357 | Lair:4   | Found a staircase to the Shoals.
  6380 | Lair:4   | Reached skill level 10 in Shields
  6454 | Lair:4   | Reached ***** piety under Sif Muna
  6455 | Lair:4   | Reached skill level 11 in Maces & Flails
  6603 | Lair:4   | Noticed a four-headed hydra
  6612 | Lair:4   | Killed a four-headed hydra
  6747 | Lair:5   | You fall into a shaft and drop 1 floor!
  6747 | Lair:6   | Entered Level 6 of the Lair of Beasts
  6795 | Lair:5   | Reached skill level 5 in Invocations
  6875 | Lair:5   | Reached skill level 10 in Fighting
  6959 | Lair:5   | Reached skill level 12 in Maces & Flails
  6995 | Lair:6   | Noticed a death yak
  6996 | Lair:6   | Noticed a death yak
  7005 | Lair:6   | Noticed a death yak
  7005 | Lair:6   | Noticed a death yak
  7011 | Lair:6   | Killed a death yak
  7012 | Lair:6   | Reached XP level 14. HP: 115/121 MP: 19/19
  7014 | Lair:6   | Received a gift from Sif Muna
  7035 | Lair:6   | Got Terin's Grimoire of Ensorcelling {god gift}
  7107 | Lair:6   | Reached skill level 1 in Hexes
  7377 | Lair:6   | Reached skill level 13 in Maces & Flails
  7398 | Lair:6   | Found a staircase to the Slime Pits.
  7407 | Lair:6   | Found a viscous altar of Jiyva.
  7861 | D:12     | Found a staircase to the Orcish Mines.
  7863 | D:12     | Found Mell's Armour Emporium.
  7903 | Orc:1    | Entered Level 1 of the Orcish Mines
  8070 | Orc:1    | Found a transporter.
  8078 | Orc:1    | Found a transporter.
  8078 | Orc:1    | Noticed an orc warlord
  8182 | Orc:1    | Found a one-way gate to the infinite horrors of the Abyss.
  8189 | Orc:1    | Noticed Wuduapar's ghost (journeyman MiFi)
  8202 | Orc:2    | Entered Level 2 of the Orcish Mines
  8215 | Orc:2    | Received a gift from Sif Muna
  8220 | Orc:2    | Got Sif Muna's Tome of Lofty Peregrination {god gift}
  8274 | Orc:2    | Gained mutation: You are frail. (-10% HP) [a neqoxec]
  8279 | Orc:2    | Gained mutation: You occasionally shout uncontrollably at
                  | your foes. [a neqoxec]
  8281 | Orc:2    | Reached skill level 5 in Hexes
  8294 | Orc:2    | Noticed an orc warlord
  8295 | Orc:2    | Noticed Blork the orc
  8306 | Orc:2    | Killed Blork the orc
  8340 | Orc:2    | Quit the game

Illustrated notes

Levels and vault maps discovered:
D:1:      lightli_arrival_farm, layout_rooms,
          dreamdust_ecumenical_altar_angels_and_demons, reono_crystal_passage
D:2:      minmay_angry_zag, layout_basic, serial_shops,
          nicolae_shop_temple_entry_statues_fountains
D:3:      layout_basic, mainiacjoe_overflow_surrounded_room
D:4:      layout_basic, mainiacjoe_overflow_chevrons,
          minmay_temple_entry_large_hall, kennysheep_generic_room_13
D:5:      layout_layer_cave, hangedman_feature_mirror
D:6:      layout_basic
D:7:      layout_basic, nrook_campfire
D:8:      layout_cave_pods, kennysheep_mini, blue_anna_alchemist
D:9:      layout_loops_cross, nicolae_uskayaw_dance_hall, uniq_maggie
D:10:     hangedman_cross_veins, layout_basic, minmay_lair_entry_grove,
          serial_bayou_pond_c, nicolae_take_the_stairs
D:11:     layout_roguey, serial_shops, nicolae_lakefront_shop, uniq_psyche,
          uniq_urug
D:12:     layout_cave_pools, orc_david_3, centaur_isle, uniq_rupert
Temple:   nicolae_temple_bog_church
Lair:1:   layout_misc_corridors
Lair:2:   layout_cellular_growth, eino_house_with_fridge, grunt_megastairs_4,
          lemuel_fruit_fields, infiniplex_staircase_pool
Lair:3:   layout_regular_city, nicolae_spider_entry_non_spiders
Lair:4:   layout_roguey, minmay_shoals_entry_centaurs
Lair:5:   layout_regular_city, dreamdust_mushroom_princess
Lair:6:   hellmonk_lair_end_abyssal_woods, layout_small_grid,
          minmay_slime_entry_jelly_boxes, grunt_megastairs_2,
          infiniplex_staircase_pool_2
Orc:1:    layout_caves, gammafunk_ghost_abyssal_escape
Orc:2:    grunt_orc_cross, layout_caves, serial_shops, shop_fountains,
          nicolae_orc_stony_grotto

Skill      XL: |  1  2  3  4  5  6  7  8  9 10 11 12 13 14 |
---------------+-------------------------------------------+-----
Evocations     | 4 5 6 7 |  7.4
Maces & Flails | 1 2 3 4 5 7 9 10 12 13 | 13.6
Shields        | 1 2 3 5 6 8 9 11 | 11.3
Dodging        | 2 3 4 5 6 8 9 11 | 11.5
Spellcasting   | 1 2 3 |  3.0
Fighting       | 2 3 4 6 7 8 10 11 | 11.6
Armour         | 3 4 5 7 8 10 | 10.0
Ice Magic      | 1 2 3 4 5 6 |  6.0
Invocations    | 5 9 |  9.0
Hexes          | 5 |  5.4
Stealth        | |  0.6

Action                   |  1- 3 |  4- 6 |  7- 9 | 10-12 | 13-15 || total
-------------------------+-------+-------+-------+-------+-------++-------
Melee: Club              |   104 |    51 |       |       |       ||   155
       Short sword       |       |    50 |       |       |       ||    50
       Dagger            |       |    31 |   324 |       |       ||   355
       Flail             |       |       |    23 |   426 |   557 ||  1006
 Cast: Ozocubu's Armour  |       |       |     7 |    11 |    11 ||    29
       Frozen Ramparts   |       |       |       |    15 |    36 ||    51
       Discord           |       |       |       |       |     3 ||     3
Invok: Divine Exegesis   |       |       |       |       |     3 ||     3
Evoke: Wand              |    10 |     3 |     6 |    14 |    10 ||    43
       Box of beasts     |       |       |       |     2 |     1 ||     3
       Condenser vane    |       |       |       |     1 |     2 ||     3
  Use: Scroll            |     4 |     1 |    11 |     7 |     3 ||    26
       Potion            |       |       |     2 |     1 |     1 ||     4
 Stab: Distracted        |       |       |       |     3 |     1 ||     4
       Confused          |       |       |       |     7 |       ||     7
Armor: Leather armour    |    56 |    67 |   236 |    52 |       ||   411
       Acid dragon scale |       |       |       |    39 |       ||    39
       Swamp dragon scal |       |       |       |   169 |   348 ||   517
Dodge: Dodged            |    62 |    67 |   215 |   255 |   365 ||   964
Block: Buckler           |    18 |    25 |   138 |   181 |   245 ||   607

Table legend: (Time is in decaauts)
 A = Elapsed time spent in this place.
 B = Non-inter-level travel time spent in this place.
 C = Inter-level travel time spent in this place.
 D = Time resting spent in this place.
 E = Time spent auto-exploring this place.
 F = Levels seen in this place.
 G = Mean time per level.
                   A        B        C        D        E       F      G
               +--------+--------+--------+--------+--------+-----+--------+
         Total |   8366 |   8125 |    241 |    307 |    162 |  21 |  398.4 |
       Dungeon |   5430 |   5334 |     96 |    307 |    162 |  12 |  452.5 |
        Temple |     15 |     15 |      0 |      0 |      0 |   1 |   15.0 |
          Lair |   2506 |   2396 |    110 |      0 |      0 |   6 |  417.7 |
  Orcish Mines |    414 |    380 |     34 |      0 |      0 |   2 |  207.0 |
               +--------+--------+--------+--------+--------+-----+--------+

Top non-repeatable levels by time:
     D:5: 719 daAuts
     D:2: 596 daAuts
  Lair:6: 567 daAuts
     D:6: 564 daAuts
     D:8: 559 daAuts
     D:3: 552 daAuts
     D:7: 534 daAuts
     D:9: 468 daAuts
  Lair:3: 459 daAuts
  Lair:4: 443 daAuts
     D:4: 375 daAuts
  Lair:5: 370 daAuts
  Lair:1: 360 daAuts
    D:10: 352 daAuts
     D:1: 334 daAuts
